 Dungeon Crawl Stone Soup version 0.25-a0-558-g78a2afb0af (webtiles) character file.

Game seed: 2091842305887875773, levelgen mode: deterministic

8125 Flugslaktarn the Cleaver (level 11, 0/87 HPs)
             Began as a Formicid Fighter on Feb 24, 2020.
             Was a Priest of Makhleb.
             Slain by Snorg (11 damage)
             ... on level 10 of the Dungeon.
             The game lasted 00:05:35 (9548 turns).

Flugslaktarn the Cleaver (Formicid Fighter)         Turns: 9548, Time: 00:05:36

Health: 0/87       AC: 16    Str: 25    XL:     11   Next: 50%
Magic:  15/15      EV:  8    Int:  9    God:    Makhleb [***...]
Gold:   434        SH: 11    Dex:  8    Spells: 10/10 levels left

rFire    . . .     SeeInvis +   t - +3 war axe (freeze)
rCold    + . .     Gourm    .   c - +0 kite shield
rNeg     . . .     Faith    .   z - +2 chain mail {rC+}
rPois    .         Spirit   .   (helmet unavailable)
rElec    .         Reflect  .   f - +0 cloak
rCorr    .         Harm     .   (no gloves)
MR       +....                  l - +1 pair of boots
Stlth    ..........             (no amulet)
HPRegen  0.24/turn              k - +2 ring of intelligence
MPRegen  0.14/turn              (no ring)

@: no status effects
A: permanent stasis, dig shafts and tunnels, four strong arms, antennae 3,
hooves 1, clumsy 1, MP-powered wands
a: Dig, Shaft Self, Minor Destruction, Lesser Servant of Makhleb, Renounce
Religion


You were on level 10 of the Dungeon.
You worshipped Makhleb.
Makhleb was most pleased with you.
You were not hungry.

You visited 2 branches of the dungeon, and saw 11 of its levels.
You also visited: Ossuary.

You collected 434 gold pieces.

Inventory:

Hand Weapons
 t - a +3 war axe of freezing (weapon)
   (You took it off a wight on level 8 of the Dungeon)
Missiles
 b - a throwing net (quivered)
Armour
 c - a +0 kite shield (worn)
 f - a +0 cloak (worn)
   (You took it off Crazy Yiuf on level 5 of the Dungeon)
 l - a +1 pair of boots (worn)
   (You found it on level 3 of the Dungeon)
 z - a +2 chain mail of cold resistance (worn)
   (You took it off Edmund on level 4 of the Dungeon)
Jewellery
 k - a +2 ring of intelligence (left hand)
   (You found it on level 7 of the Dungeon)
 p - an uncursed amulet of magic regeneration
   (You took it off an orc on level 7 of the Dungeon)
Wands
 u - a wand of clouds (4)
   (You found it on level 9 of the Dungeon)
Scrolls
 a - a scroll of silence {unknown}
 g - 2 scrolls of enchant weapon
 m - a scroll of enchant armour {unknown}
 o - a scroll of holy word {unknown}
 r - 4 scrolls of identify
 v - a scroll of remove curse
 y - 3 scrolls of magic mapping
Potions
 d - 4 potions of might
 h - 2 potions of ambrosia {unknown}
 i - 3 potions of mutation
 j - 2 potions of stabbing
 n - 2 potions of berserk rage
 q - 2 potions of curing
 w - 2 potions of heal wounds
Miscellaneous
 s - a lightning rod (4/4)
   (You found it on level 7 of the Dungeon)
Comestibles
 e - 17 rations
 x - 3 chunks of flesh


   Skills:
 + Level 8.7 Fighting
 * Level 10.6 Axes
 + Level 8.7 Armour
 + Level 9.4 Shields
 + Level 5.8 Invocations


You had 10 spell levels left.
You didn't know any spells.
Your spell library was empty.

Dungeon Overview and Level Annotations

Branches:
Dungeon (10/15)            Temple (1/1) D:6             Orc (0/2) D:10
Ossuary (visited)
   Lair: D:8-11

Altars:
Ashenzari
Cheibriados
Dithmenos
Elyvilon
Fedhas
Gozag
Hepliaklqana
Kikubaaqudgha
Makhleb
Nemelex Xobeh
Okawaru
Qazlal
Ru
Sif Muna
Uskayaw
Vehumet
Wu Jian
Xom
Yredelemnul
Zin
The Shining One

Shops:
D:7 *

Annotations:
D:10 1 runed translucent door, Ratty's ghost, journeyman MiFi; Snorg


Innate Abilities, Weirdness & Mutations

You cannot be hasted, slowed, berserked, paralysed or teleported.
You can dig through walls and to a lower floor.
Your four strong arms can wield two-handed weapons with a shield.
You have a pair of large antennae on your head. (SInv)
You have large cloven feet.
You are clumsy. (Dex -2)
You expend magic power (3 MP) to strengthen your wands.


Message History

You slice Snorg!! You freeze Snorg.
Snorg is severely wounded.
Snorg bites you!!
* * * LOW HITPOINT WARNING * * *
Snorg claws you but does no damage. Snorg claws you.
* * * LOW HITPOINT WARNING * * *
You are too injured to fight recklessly!
You are too injured to fight recklessly!
You are too injured to fight recklessly!
You are too injured to fight recklessly!
Unknown command.
You completely miss Snorg.
Snorg is severely wounded.
Snorg closely misses you. You block Snorg's attack. Snorg closely misses you.
You slash Snorg! You freeze Snorg.
Snorg is almost dead.
Snorg bites you but does no damage. Snorg claws you.
* * * LOW HITPOINT WARNING * * *
Snorg claws you!
You die...

############# §
#......@T...#
#§§§#
#.#########.#
#§cW# #.#
##+#######.#
#..........#
#...#####.[#
.###..###..# ##
##......###.#
.##
.###.......(...#
.. ####


You could see Snorg (berserk).

Vanquished Creatures
  A two-headed ogre (D:9)
  Maurice (D:9)
  A komodo dragon (D:6)
  A troll (D:9)
  Sigmund (D:4)
  A wraith (D:7)
  A vampire (D:9)
  A hungry ghost (D:10)
  Edmund (D:4)
  Duvessa (D:7)
  2 porcupines (D:10)
  A water moccasin (D:6)
  3 sky beasts
  3 orc warriors
  An ice beast (D:9)
  A black bear (D:9)
  4 phantoms
  7 ogres
  4 centaurs
  9 bullfrogs
  Dowan (D:7)
  8 killer bees
  12 scorpions
  5 howler monkeys
  5 wights
  5 jellies
  3 centaur zombies (Ossuary)
  A bullfrog zombie (D:6)
  3 bullfrog skeletons
  2 quasits
  3 crimson imps
  2 human zombies (Ossuary)
  7 orc priests
  Crazy Yiuf (D:5)
  A centaur skeleton (D:10)
  3 hounds
  3 orc wizards
  An iguana (D:9)
  7 worker ants
  A hound zombie (D:7)
  A hound skeleton (D:6)
  A howler monkey zombie (D:10)
  4 mummies
  12 adders
  3 gnolls (D:5)
  5 scorpion zombies (Ossuary)
  2 shadow imps
  3 oozes
  3 adder skeletons
  An adder zombie (D:6)
  2 worms
  2 leopard geckos (D:4)
  29 orcs
  4 bats
  8 giant cockroaches
  2 gnoll zombies (Ossuary)
  3 goblins
  2 hobgoblins
  13 jackals
  3 quokkas
  A ball python (D:5)
  A frilled lizard (D:5)
  2 goblin zombies (Ossuary)
  2 hobgoblin zombies (Ossuary)
  3 kobolds
  2 kobold zombies (Ossuary)
  A leopard gecko skeleton (D:4)
  An orc zombie (Ossuary)
  A quokka skeleton (D:8)
  5 rats
  A fungus (D:10)
  2 plants (D:7)
244 creatures vanquished.

Vanquished Creatures (others)
  A scorpion (Ossuary)
  An orc (D:6)
  A fungus (D:10)
3 creatures vanquished.

Grand Total: 247 creatures vanquished

Notes
Turn   | Place    | Note
-------+----------+-------------------------------------------
     0 | D:1      | Flugslaktarn the Formicid Fighter began the quest for the
                  | Orb.
     0 | D:1      | Reached XP level 1. HP: 18/18 MP: 1/1
   250 | D:1      | Reached XP level 2. HP: 24/24 MP: 2/2
   456 | D:2      | Reached XP level 3. HP: 24/29 MP: 3/3
   553 | D:3      | Reached skill level 3 in Axes
   553 | D:3      | Reached XP level 4. HP: 27/37 MP: 4/4
  1237 | D:4      | Found a sand-covered staircase.
  1251 | Ossuary  | Entered an ossuary
  1460 | Ossuary  | Reached XP level 5. HP: 19/42 MP: 5/5
  1691 | Ossuary  | Reached skill level 4 in Axes
  1691 | Ossuary  | Reached XP level 6. HP: 42/48 MP: 6/6
  1917 | Ossuary  | Reached skill level 5 in Shields
  1982 | Ossuary  | Reached XP level 7. HP: 51/55 MP: 7/7
  2113 | Ossuary  | Reached skill level 5 in Axes
  2378 | Ossuary  | Reached skill level 5 in Fighting
  2378 | Ossuary  | Reached skill level 5 in Armour
  2689 | D:4      | Noticed Edmund
  2714 | D:4      | Killed Edmund
  2714 | D:4      | Reached XP level 8. HP: 51/62 MP: 8/8
  2814 | D:4      | Found a shimmering blue altar of Sif Muna.
  2963 | D:4      | Noticed Sigmund
  2967 | D:4      | Killed Sigmund
  2967 | D:4      | Reached skill level 6 in Axes
  3256 | D:5      | Entered Level 5 of the Dungeon
  3834 | D:5      | Reached XP level 9. HP: 45/69 MP: 9/9
  3985 | D:5      | Reached skill level 7 in Axes
  4383 | D:5      | Found a runed translucent door.
  4384 | D:5      | Noticed Crazy Yiuf
  4392 | D:5      | Killed Crazy Yiuf
  4587 | D:6      | Found a staircase to the Ecumenical Temple.
  4620 | Temple   | Entered the Ecumenical Temple
  4666 | Temple   | Became a worshipper of Makhleb the Destroyer
  4753 | D:6      | Found a stormy altar of Qazlal.
  4803 | D:6      | Found a snail-covered altar of Cheibriados.
  4834 | D:6      | Reached skill level 8 in Axes
  4870 | D:6      | Gained mutation: You expend magic power (3 MP) to
                  | strengthen your wands. [potion of mutation]
  4870 | D:6      | Gained mutation: You are clumsy. (Dex -2) [potion of
                  | mutation]
  4870 | D:6      | Gained mutation: You have large cloven feet. [potion of
                  | mutation]
  4880 | D:6      | Reached skill level 1 in Invocations
  5317 | D:6      | Found a glowing silver altar of Zin.
  5418 | D:6      | Found an ornate altar of the Wu Jian Council.
  5767 | D:7      | Reached XP level 10. HP: 74/79 MP: 11/11
  5856 | D:7      | Found a hazy altar of Hepliaklqana.
  5881 | D:7      | Found a blossoming altar of Fedhas.
  5887 | D:7      | Noticed Dowan
  5887 | D:7      | Noticed Duvessa
  5897 | D:7      | Killed Duvessa
  5899 | D:7      | Reached * piety under Makhleb
  5905 | D:7      | Killed Dowan
  6286 | D:7      | Reached skill level 9 in Axes
  6374 | D:7      | Found Hoegeir's Assorted Antiques.
  6413 | D:7      | Noticed a komodo dragon
  6460 | D:6      | Killed a komodo dragon
  6720 | D:7      | Identified the +9 short sword of Diet Blood {vorpal, Str+5}
  6720 | D:7      | Identified the +0 leather armour of the Hare {rPois rF+
                  | Int-4 Dex+4}
  6867 | D:7      | Reached ** piety under Makhleb
  8117 | D:8      | Found a sparkling altar of Nemelex Xobeh.
  8117 | D:8      | Found a radiant altar of Vehumet.
  8177 | D:9      | Reached XP level 11. HP: 83/86 MP: 14/14
  8256 | D:9      | Found a snail-covered altar of Cheibriados.
  8487 | D:9      | Reached skill level 10 in Axes
  8624 | D:9      | Noticed Maurice
  8630 | D:9      | Reached skill level 5 in Invocations
  8635 | D:9      | Reached *** piety under Makhleb
  8649 | D:9      | Killed Maurice
  8788 | D:9      | Noticed a two-headed ogre
  8802 | D:9      | Killed a two-headed ogre
  9060 | D:10     | Entered Level 10 of the Dungeon
  9098 | D:10     | Found a staircase to the Orcish Mines.
  9502 | D:10     | Found a runed translucent door.
  9502 | D:10     | Noticed Ratty's ghost (journeyman MiFi)
  9503 | D:10     | Noticed a centaur warrior
  9534 | D:10     | Noticed Snorg
  9548 | D:10     | Slain by Snorg

Levels and vault maps discovered:
D:1:      heliophobic_arrival_glass_houses, layout_loops_ring
D:2:      layout_basic
D:3:      layout_basic, grunt_ministairs_11, grunt_decor_one_mirror
D:4:      layout_gridville, lemuel_crystal_altar, first_ration,
          portal_sewer_entry_b, gup_ossuary_entry_pyramid,
          sigmund_edmund_badplayer
D:5:      layout_rooms, uniq_edmund, uniq_crazy_yiuf_cottage
D:6:      layout_loops_ring, lemuel_round_altar, nicolae_overflow_crystal_walls,
          kennysheep_mini_moat, minmay_temple_entry_statues_fountains,
          basic_altar
D:7:      minmay_the_grid_triangle_9x9_rhombus_thin
          [minmay_the_grid_triangle_9x9_semitri,
          minmay_the_grid_triangle_9x9_prize_center,
          minmay_the_grid_triangle_9x9_negative_grid,
          minmay_the_grid_triangle_9x9_pentomino_pain], layout_rooms,
          lemuel_round_altar, fedhas_altar_1, serial_shops, shop, uniq_duvessa
D:8:      layout_loops_corners, gammafunk_temple_overflow_statue
D:9:      layout_cave_pools, chei_slow_surprise, uniq_maurice
D:10:     layout_loops_ring, grunt_lair_entry_orc_guard_hut,
          ebering_ghost_inner_flame, blue_anna_alchemist
          [blue_anna_fruit_fields, blue_anna_fruit_fields],
          hangedman_abyss_or_decor_clamps, uniq_snorg
Temple:   eino_temple_lava

Skill      XL: |  1  2  3  4  5  6  7  8  9 10 11 |
---------------+----------------------------------+-----
Shields        | 4 5 6 7 8 9 |  9.4
Axes           | 3 4 5 6 8 9 10 | 10.6
Fighting       | 4 5 6 7 8 |  8.7
Armour         | 4 5 6 7 8 |  8.7
Invocations    | 2 4 5 |  5.8

Action                   |  1- 3 |  4- 6 |  7- 9 | 10-12 || total
-------------------------+-------+-------+-------+-------++-------
Melee: War axe           |    70 |    95 |   366 |   430 ||   961
 Abil: Dig               |       |       |     1 |       ||     1
  Use: Potion            |       |       |    10 |     1 ||    11
       Scroll            |       |       |     8 |     1 ||     9
 Stab: Invisible         |       |       |     3 |       ||     3
  Eat: Ration            |       |     1 |     2 |     1 ||     4
       Chunk             |       |       |     6 |    11 ||    17
Armor: Scale mail        |    39 |     8 |       |       ||    47
       Chain mail        |       |    36 |   177 |   190 ||   403
Dodge: Dodged            |    31 |    28 |   102 |   137 ||   298
Block: Kite shield       |    31 |    59 |   208 |   254 ||   552

Table legend:
 A = Non-vault XP
 B = Vault XP
 C = Vault XP percentage of total XP
 D = Non-vault monster count
 E = Vault monster count
 F = Vault count percentage of total count
                 A         B        C        D         E       F
            +---------+---------+-------+---------+---------+-------
      Total |    7795 |    3813 |  32.8 |     182 |      60 |  24.8
            +---------+---------+-------+---------+---------+-------
        D:1 |      14 |       0 |   0.0 |       9 |       0 |   0.0
        D:2 |      40 |       0 |   0.0 |      11 |       0 |   0.0
        D:3 |      45 |       0 |   0.0 |       4 |       0 |   0.0
        D:4 |     173 |     429 |  71.3 |      14 |       6 |  30.0
        D:5 |     958 |      42 |   4.2 |      27 |       1 |   3.6
        D:6 |    1162 |     361 |  23.7 |      27 |       1 |   3.6
        D:7 |    1194 |    1179 |  49.7 |      29 |      15 |  34.1
        D:8 |    1167 |       0 |   0.0 |      27 |       0 |   0.0
        D:9 |    2734 |     450 |  14.1 |      28 |       2 |   6.7
       D:10 |     308 |     520 |  62.8 |       6 |       5 |  45.5
    Ossuary |       0 |     832 | 100.0 |       0 |      30 | 100.0
            +---------+---------+-------+---------+---------+-------
